 Dungeon Crawl Stone Soup version 0.31.0-12-g77e489cdc1 (webtiles) character file.

Game seed: 12654210783645855886

277 112233 the Gusty (level 6, -4/32 HPs)
             Began as a Tengu Air Elementalist on Feb 13, 2024.
             Slain by a gnoll bouda
             ... wielding a +0 club
              (11 damage)
             ... on level 4 of the Dungeon.
             The game lasted 00:04:48 (4529 turns).

112233 the Gusty (Tengu Air Elementalist)           Turns: 4529, Time: 00:04:49

Health: -4/32      AC:  2    Str: 14    XL:     6   Next: 26%
Magic:  0/20       EV: 13    Int: 18    God:
Gold:   161        SH:  0    Dex: 14    Spells: 8/11 levels left

rFire   . . .        (no weapon)
rCold   . . .        (no shield)
rNeg    . . .        a - +0 robe
rPois   .            (helmet restricted)
rElec   .            h - scarf {shadows}
rCorr   .            (no gloves)
SInv    .            (boots unavailable)
Will    .....        q - amulet of guardian spirit
Stlth   ++           c - ring of magical power
HPRegen 0.25/turn    g - +6 ring of strength
MPRegen 0.17/turn

%: acrobat, guardian spirit
@: mighty, attractive
A: beak, talons 3, acrobatic
a: no special abilities


You were on level 4 of the Dungeon.
You visited 1 branch of the dungeon, and saw 5 of its levels.

You collected 161 gold pieces.

Inventory:

Armour
 a - a +0 robe (worn)
 h - a scarf of shadows (worn)
 l - a +1 cloak
Jewellery
 c - a ring of magical power (left hand)
 d - a ring of ice
 g - a +6 ring of strength (right hand)
 q - an amulet of guardian spirit (around neck)
Scrolls
 e - 2 scrolls of fog {unknown}
 i - 4 scrolls of identify {unknown}
 j - 2 scrolls of teleportation {unknown}
 m - a scroll of enchant weapon {unknown}
 n - a scroll of blinking {unknown}
 p - a scroll of torment {unknown}
Potions
 b - a potion of magic
 k - a potion of mutation {unknown}
 o - a potion of might
 r - 2 potions of invisibility {unknown}
 s - a potion of brilliance {unknown}


   Skills:
 + Level 3.6 Dodging
 + Level 3.5 Stealth
 + Level 3.1 Spellcasting
 + Level 3.7 Conjurations
 + Level 5.3 Air Magic


You had 8 spell levels left.
You knew the following spells:

 Your Spells              Type           Power      Damage    Failure   Level
a - Shock                 Conj/Air       76%        1d7       2%          1
b - Static Discharge      Conj/Air       38%        3-5/arc   3%          2

Your spell library contained the following spells:

 Spells                   Type           Power      Damage    Failure   Level
 Swiftness                Air            22%        N/A       5%          3
 Airstrike                Air            11%        2d(2-18)  19%         4
 Dazzling Flash           Conj/Hex       18%        N/A       22%         3
 Gell's Gravitas          Tloc           2%         N/A       43%         3
 Teleport Other           Tloc           2%         N/A       43%         3
 Volatile Blastmotes      Fire/Tloc      4%         2d10      43%         3
 Ignite Poison            Fire/Alch      2%         N/A       85%         4
 Sticky Flame             Fire/Alch      2%         2d4       85%         4
 Dispersal                Tloc           1%         N/A       100%        6
 Starburst                Conj/Fire      4%         6d4       100%        6
 Ignition                 Fire           1%         3d3       100%        8
 Maxwell's Capacitive Co  Air            11%        ∞         100%        8


Dungeon Overview and Level Annotations

Branches:
Dungeon (5/15)
 Temple: D:4-7

Altars:
Okawaru

Annotations:
D:1 exclusion: downstairs
D:2 Terence
D:3 3 runed translucent doors, lasso's ghost, amateur MfSu
D:4 exclusion: downstairs, Eustachio


Innate Abilities, Weirdness & Mutations

You have a beak for a mouth.
You have claws for feet.
You can magically evade attacks while moving or waiting.


Message History

The iguana bites you!
* * * LOW HITPOINT WARNING * * *
Unknown command.
It was a potion of might.
You feel very mighty all of a sudden. The iguana misses you.
Unknown command.
You hit the iguana. Your kick misses the iguana.
The iguana is almost dead.
The iguana closely misses you.
Unknown command.
You punch the iguana!
You kill the iguana!
Unknown command.
i - 4 scrolls labelled GESOHA RARE (gained 1)
You start resting.
A gnoll bouda comes into view. It is wielding a +0 club.
A gnoll bouda is nearby!
A gnoll bouda is nearby!
Unknown command.
The gnoll bouda shouts!
It was a potion of attraction.
You feel attractive to monsters.
The gnoll bouda is attracted toward you.
You are too injured to fight recklessly!
You are too injured to fight recklessly!
Unknown command.
Casting: Shock (safe; 2% risk of failure)
Confirm with . or Enter, or press ? or * to list all spells.
The gnoll bouda is struck by an arc of lightning.
The gnoll bouda is moderately wounded.
You are struck by an arc of lightning.
* * * LOW HITPOINT WARNING * * *
The gnoll bouda is struck by an arc of lightning.
The gnoll bouda is heavily wounded.
You are struck by an arc of lightning.
* * * LOW HITPOINT WARNING * * *
The lightning grounds out.
The gnoll bouda hits you with a +0 club!
You die...

#########
#..#@...##
#....g...#
#......#####.
... ..
###....§.....
...>#.
#..........
....#.
##...###..
..... #..##
#... #..###
####..
##....#.#
#.......


You could see a gnoll bouda.

Vanquished Creatures
  A hound (D:3)
  An iguana (D:4)
  7 adders
  8 gnolls
  2 dart slugs
  A ribbon worm (D:3)
  3 orcs (D:3)
  5 ball pythons
  6 bats
  9 endoplasms
  4 giant cockroaches (D:1)
  8 goblins
  4 hobgoblins
  4 jackals (D:3)
  2 quokkas
  4 frilled lizards (D:1)
  3 kobolds
  7 rats
79 creatures vanquished.

Notes
Turn   | Place    | Note
-------+----------+-------------------------------------------
     0 | D:1      | 112233 the Tengu Air Elementalist began the quest for the
                  | Orb.
     0 | D:1      | Reached XP level 1. HP: 10/10 MP: 4/4
   189 | D:1      | Reached XP level 2. HP: 15/15 MP: 6/6
   929 | D:1      | Reached XP level 3. HP: 19/19 MP: 7/7
  1749 | D:3      | Reached XP level 4. HP: 18/24 MP: 5/8
  2074 | D:3      | Reached XP level 5. HP: 28/28 MP: 10/10
  2333 | D:3      | Found a runed translucent gate.
  2333 | D:3      | Found a runed translucent gate.
  2363 | D:3      | Found a runed translucent gate.
  2746 | D:3      | Noticed lasso's ghost (amateur MfSu)
  2782 | D:2      | Noticed Terence
  2847 | D:1      | Reached skill level 5 in Air Magic
  2850 | D:1      | Learned a level 2 spell: Static Discharge
  2899 | D:2      | Found a faded altar of an unknown god.
  3097 | D:2      | Found an iron altar of Okawaru.
  4090 | D:4      | Noticed Eustachio
  4222 | D:5      | Entered Level 5 of the Dungeon
  4222 | D:5      | Noticed an ogre
  4321 | D:4      | Reached XP level 6. HP: 32/32 MP: 11/11
  4529 | D:4      | Slain by a gnoll bouda

Illustrated notes

Levels and vault maps discovered:
D:1:      dpeg_arrival_subterranean_lakeside_camping, layout_basic,
          minmay_pentomino_z4
D:2:      layout_basic, basic_altar, ebering_ecumenical_altar_webs, uniq_terence
D:3:      layout_basic, ebering_ghost_rock_garden, kennysheep_small_spiral
D:4:      layout_cave_pools, nicolae_vehumet_altar_sigil,
          lemuel_coloured_pillars_altar, amethyst_overflow_temple_binary,
          item_on_display_a, uniq_eustachio
D:5:      layout_gridville, gammafunk_ghost_split, uniq_grinder, uniq_edmund

Skill      XL: |  1  2  3  4  5 |
---------------+----------------+-----
Conjurations   | 2 3 |  3.7
Dodging        | 3 |  3.6
Stealth        | 3 |  3.5
Air Magic      | 5 |  5.3
Spellcasting   | 3 |  3.1

Action                     |  1- 3 |  4- 6 || total
---------------------------+-------+-------++-------
  Melee: Unarmed           |       |     2 ||     2
   Cast: Shock             |    88 |   115 ||   203
         Static Discharge  |       |     1 ||     1
    Use: Potion            |       |     2 ||     2
 Armour: Robe              |     9 |    11 ||    20
  Dodge: Dodged            |     7 |    10 ||    17
